[Event "Team 45 45 League T24"]
[Site "Internet Chess Club"]
[Date "2004.10.31"]
[Round "7"]
[White "WarHawk"]
[Black "Sota"]
[Result "1/2-1/2"]
[WhiteElo "1627"]
[BlackElo "1673"]
[TimeControl "2700+45"]

1. d4 d5 2. Bf4 e6 3. e3 Nf6 4. Nf3 Bd6 5. Bxd6 cxd6 6. c4 Qa5+ 7. Nbd2 dxc4 8.
Bxc4 d5 9. Bd3 Nc6 10. O-O O-O 11. a3 a6 12. b4 Qb6 13. Rc1 Bd7 14. Re1 Rfe8 15.
Nb3 Na7 16. Nc5 Bb5 17. Ne5 Bxd3 18. Qxd3 Rac8 19. Ned7 Nxd7 20. Nxd7 Qd6 21.
Nc5 Rc7 22. Rc2 Rec8 23. Rec1 Qb6 24. Na4 Rxc2 25. Rxc2 Qd8 26. h3 Nb5 27. Nc5
Qc7 28. a4 Nd6 29. Rc1 b6 30. Nb3 {Game drawn by mutual agreement} 1/2-1/2

[Event "Team 45 45 League T24"]
[Site "Internet Chess Club"]
[Date "2004.10.30"]
[Round "7"]
[White "GadsHill"]
[Black "David-Carioca"]
[Result "1-0"]
[WhiteElo "1603"]
[BlackElo "1537"]
[TimeControl "2700+45"]

1. d4 Nf6 2. c4 e6 3. Nf3 Bb4+ 4. Bd2 Nc6 5. Bxb4 Nxb4 6. Nc3 d5 7. a3 Na6 8.
cxd5 Nxd5 9. e4 Nxc3 10. bxc3 b6 11. Bxa6 Bxa6 12. Qa4+ Qd7 13. Qxa6 Qc6 14. Qd3
Rd8 15. O-O Qa4 16. Rfb1 c5 17. Qb5+ Qxb5 18. Rxb5 cxd4 19. cxd4 Rd6 20. Rab1
Kd7 21. Rc1 a6 22. Rb3 Rc6 23. Ne5+ {Black resigns} 1-0

[Event "Team 45 45 League T24"]
[Site "Internet Chess Club"]
[Date "2004.10.30"]
[Round "7"]
[White "MikePetska"]
[Black "Kurtosis"]
[Result "1-0"]
[WhiteElo "1305"]
[BlackElo "1247"]
[TimeControl "2700+45"]

1. e4 c5 2. d4 cxd4 3. c3 dxc3 4. Bc4 cxb2 5. Bxb2 Nf6 6. Nf3 Nxe4 7. Bxf7+ Kxf7
8. Qd5+ Ke8 9. Qxe4 Nc6 10. O-O d5 11. Qf4 e6 12. Ng5 Qe7 13. Ba3 Qf6 14. Qxf6
gxf6 15. Bxf8 Kxf8 16. Nf3 b6 17. Nc3 Ba6 18. Rfe1 Ke7 19. Rac1 Bc4 20. Nd2 b5
21. Nxc4 bxc4 22. Nxd5+ Kf7 23. Nc7 Rac8 24. Nxe6 Ne5 25. Ng5+ fxg5 26. Rxe5
Rhe8 27. Rxg5 c3 28. h3 c2 29. Kf1 Red8 30. Ke1 Re8+ 31. Kd2 Red8+ 32. Ke2 Kf6
33. Rg3 Re8+ 34. Re3 Rxe3+ 35. Kxe3 Rc3+ 36. Kd2 {Black resigns} 1-0

[Event "Team 45 45 League T24"]
[Site "Internet Chess Club"]
[Date "2004.10.28"]
[Round "7"]
[White "DayDream01"]
[Black "disciple"]
[Result "0-1"]
[WhiteElo "1110"]
[BlackElo "1240"]
[TimeControl "2700+45"]

1. d4 d5 2. c4 e6 3. Nf3 Nf6 4. Bg5 Be7 5. Nc3 O-O 6. Ne5 c5 7. e4 Nxe4 8. Bxe7
Qxe7 9. cxd5 Nxc3 10. bxc3 exd5 11. Qf3 Nc6 12. Qxd5 Be6 13. Qxc5 Qxc5 14. dxc5
Nxe5 15. g3 Bd5 16. Rg1 Nf3+ 17. Ke2 Nxg1+ 18. Kd3 Nf3 19. Bg2 Rad8 20. Kc2 Ne1+
21. Rxe1 Bxg2 22. Re7 Rfe8 23. Rxb7 Bxb7 {White resigns} 0-1

[Event "Team 45 45 League T24"]
[Site "Internet Chess Club"]
[Date "2004.11.01"]
[Round "7"]
[White "onslaught"]
[Black "f5"]
[Result "0-1"]
[WhiteElo "2272"]
[BlackElo "2333"]
[TimeControl "2700+45"]

1. e4 e5 2. Nf3 Nc6 3. Bb5 a6 4. Ba4 Nf6 5. O-O Be7 6. Re1 b5 7. Bb3 O-O 8. a4
Bb7 9. d3 d6 10. Nc3 Na5 11. Ba2 b4 12. Ne2 c5 13. Ng3 Bc8 14. h3 Rb8 15. Nd2
Be6 16. Nc4 b3 17. Nxa5 Qxa5 18. Bxb3 Bxb3 19. cxb3 Rxb3 20. Nf5 Rb7 21. Bg5 Qc7
22. Re3 Kh8 23. Rg3 Rg8 24. Qf3 Qd8 25. Qe2 Nd5 26. Bc1 Nf4 27. Qg4 Bf6 28. Kh1
g6 29. Nh6 Rf8 30. Qd1 Bg7 31. Ng4 f5 32. Ne3 Nh5 33. Rf3 f4 34. Nc4 Nf6 35. g3
g5 36. gxf4 gxf4 37. Bd2 Rg8 38. Qg1 Bf8 39. Qh2 Rbg7 40. Ba5 Qe8 41. Bc3 Nd7
42. Rxf4 exf4 43. Bxg7+ Rxg7 44. Qxf4 Qg6 45. Ne3 Be7 46. Qg4 Bf6 47. Rb1 Bd4
48. Nf5 Ne5 49. Qxg6 Rxg6 50. f4 Nxd3 51. b4 Nf2+ 52. Kh2 Nxe4 53. b5 axb5 54.
axb5 Nd2 55. Rd1 Nf3+ 56. Kh1 Rf6 57. Ne7 c4 58. Kg2 Rxf4 59. Nd5 Rf8 60. b6
Nh4+ 61. Kh1 Be5 62. Rc1 c3 63. Nxc3 Bxc3 64. Rxc3 Rf1+ 65. Kh2 Rb1 66. Kg3 Ng6
67. Rc6 Ne7 68. Rc7 Nd5 69. Ra7 Rxb6 70. Kg4 Rb8 71. Kf5 Rd8 72. Ke6 Nf4+ 73.
Ke7 Rg8 74. Kxd6 Nxh3 75. Ke5 h5 76. Kf5 Rg7 77. Ra3 Ng5 78. Rg3 Nh7 79. Ra3
Rg5+ 80. Kf4 Rb5 81. Ra7 Nf8 82. Kg3 Ne6 83. Kh4 Ng7 84. Ra6 Kh7 85. Ra7 Rb4+
86. Kg5 Rg4+ 87. Kf6 Rg6+ 88. Ke5 h4 89. Kf4 Kh6 90. Ra3 Ne6+ 91. Kf5 Kh5 92.
Rc3 Ng7+ 93. Kf4 Rg4+ 94. Ke5 Rg3 95. Rc8 Rg5+ 96. Kf4 Rf5+ 97. Ke4 Kg4 98. Rc1
Nh5 99. Ke3 h3 100. Rh1 Rf3+ 101. Kd2 Ng3 {White resigns} 0-1

[Event "Team 45 45 League T24"]
[Site "Internet Chess Club"]
[Date "2004.10.31"]
[Round "7"]
[White "Burning-Bush"]
[Black "MSStateBulldog"]
[Result "0-1"]
[WhiteElo "2238"]
[BlackElo "2313"]
[TimeControl "2700+45"]

1. d4 d5 2. Nf3 Nf6 3. c4 e6 4. Nc3 c6 5. cxd5 exd5 6. Bg5 Be7 7. e3 Bf5 8. a3
Nbd7 9. Bd3 Bxd3 10. Qxd3 O-O 11. O-O a5 12. Rfc1 Re8 13. Rab1 Ne4 14. Bxe7 Qxe7
15. Nd1 a4 16. b4 axb3 17. Rxb3 Nd6 18. Nd2 Nf6 19. Nb2 Ra6 20. a4 Nfe4 21. Nf1
Rea8 22. f3 Nf6 23. Ng3 g6 24. Re1 h5 25. Nf1 Nd7 26. Qc2 Nb6 27. e4 Nxa4 28. e5
Nb5 29. Qd2 Nxb2 30. Qxb2 Ra2 31. Qb1 Nxd4 32. Rb2 Ra1 33. Qxa1 Rxa1 34. Rxa1
Qxe5 35. Raa2 b5 {White resigns} 0-1

[Event "Team 45 45 League T24"]
[Site "Internet Chess Club"]
[Date "2004.11.01"]
[Round "7"]
[White "imbak"]
[Black "searchforbobby1"]
[Result "1-0"]
[WhiteElo "2218"]
[BlackElo "2137"]
[TimeControl "2700+45"]

1. c4 e5 2. Nc3 Nc6 3. g3 Nf6 4. Bg2 Bc5 5. d3 O-O 6. Nf3 d6 7. O-O h6 8. a3 a5
9. Rb1 Be6 10. Na4 Ba7 11. b4 axb4 12. axb4 Qd7 13. b5 Ne7 14. b6 cxb6 15. Nxb6
Bxb6 16. Rxb6 Bh3 17. Qb3 Bxg2 18. Kxg2 Rab8 19. Ba3 Nc8 20. Rb4 Qc6 21. Kg1 Nd7
22. Rb5 b6 23. Rb1 Rd8 24. Qb4 Nc5 25. Nxe5 Qe8 26. Qb2 Na4 27. Qc2 Qxe5 28.
Rxe5 {Black resigns} 1-0

[Event "Team 45 45 League T24"]
[Site "Internet Chess Club"]
[Date "2004.10.30"]
[Round "7"]
[White "ChessAddict"]
[Black "fledermaus"]
[Result "1/2-1/2"]
[WhiteElo "2047"]
[BlackElo "2045"]
[TimeControl "2700+45"]

1. d4 d5 2. c4 e6 3. Nc3 Be7 4. Nf3 Nf6 5. Bg5 O-O 6. e3 Nbd7 7. Rc1 c6 8. Bd3
dxc4 9. Bxc4 Nd5 10. Bxe7 Qxe7 11. O-O Nxc3 12. Rxc3 e5 13. Bb3 exd4 14. exd4
Nb6 15. Re1 Qf6 16. Qe2 Bd7 17. Qe7 Rfe8 18. Qxf6 Rxe1+ 19. Nxe1 gxf6 20. Re3
Kf8 21. Nc2 Re8 22. Kf1 Be6 23. Bxe6 {Game drawn by mutual agreement} 1/2-1/2